[ PARTIDA AOE2 · #506354509 ]
UnrankedSicilianos vs Mapuche
Equipo del jugador · DERR
Equipo rival · VICT
[ ANÁLISIS DE REPETICIÓN · EXTRAÍDO DE LA PARTIDA GRABADA ]
Feudal
9:35
Castillos
25:49
Imperial
—
| APM promedio | 40.9 |
| APM pico | 74 |
| eAPM promedio | 17.9 |
| Aldeanos / militares | 45 / 32 |
Foco
⚔️ 27.4% · 🌾 72.6%
Serjeant ×14 · Skirmisher ×13 · Battering Ram ×3 · Mangonel ×2
Feudal
8:53
Castillos
26:25
Imperial
—
| APM promedio | 55.1 |
| APM pico | 89 |
| eAPM promedio | 19.3 |
| Aldeanos / militares | 57 / 31 |
Foco
⚔️ 27.9% · 🌾 72.1%
Archer ×16 · Skirmisher ×8 · Petard ×6 · Spearman ×1 · Unknown (2550) ×1
Mapa de la partida
Recursos iniciales + cada clic de construcción. Líneas = muros · curvas = relieve. ◆ oro · ⬟ piedra · ● bayas · ✦ reliquia · ◌ hueco del cierre
Tu base· Abierta — flanco sin cerrar
Base de Skunk77· Abierta — flanco sin cerrar
Terreno inicial suavizado · ◌ = hueco del cierre detectado · pasá el cursor para detalles
Inputs por minuto
— Subclavian - - Skunk77
Build order — Subclavian
137 acciones detectadas en el replay
| 0:00 | Encolar | Villager (Male) |
| 0:00 | Encolar | Villager (Male) |
| 0:01 | Encolar | Villager (Male) |
| 0:01 | Encolar | Villager (Male) |
| 0:02 | Construir | House |
| 0:04 | Construir | House |
| 1:23 | Encolar | Villager (Male) |
| 1:50 | Construir | Lumber Camp |
| 1:53 | Encolar | Villager (Male) |
| 1:53 | Encolar | Villager (Male) |
| 2:33 | Encolar | Villager (Male) |
| 2:54 | Encolar | Villager (Male) |
| 3:05 | Construir | House |
| 3:13 | Encolar | Villager (Male) |
| 3:13 | Encolar | Villager (Male) |
| 3:56 | Encolar | Villager (Male) |
| 4:04 | Construir | House |
| 4:10 | Encolar | Villager (Male) |
| 4:11 | Encolar | Villager (Male) |
| 4:11 | Encolar | Villager (Male) |
| 4:43 | Construir | Mill |
| 5:13 | Encolar | Villager (Male) |
| 5:13 | Encolar | Villager (Male) |
| 5:27 | Encolar | Villager (Male) |
| 5:56 | Encolar | Villager (Male) |
| 6:56 | Investigar | Loom |
| 7:25 | Investigar | Feudal Age |
| 7:49 | Construir | Mining Camp |
| 8:29 | Encolar | Villager (Male) |
| 8:58 | Construir | Donjon |
| 9:06 | Construir | Mining Camp |
| 9:35 | Edad | Edad Feudal |
| 9:38 | Encolar | Villager (Male) |
| 9:43 | Construir | Mining Camp |
| 9:46 | Encolar | Serjeant |
| 9:46 | Encolar | Serjeant |
| 9:46 | Encolar | Serjeant |
| 9:50 | Encolar | Villager (Male) |
| 10:16 | Construir | House |
| 11:00 | Construir | Donjon |
| 11:03 | Encolar | Serjeant |
| 11:35 | Encolar | Serjeant |
| 11:35 | Encolar | Serjeant |
| 11:48 | Encolar | Villager (Male) |
| 11:49 | Encolar | Villager (Male) |
| 11:49 | Encolar | Villager (Male) |
| 11:49 | Encolar | Villager (Male) |
| 11:50 | Encolar | Villager (Male) |
| 11:50 | Encolar | Villager (Male) |
| 11:51 | Encolar | Villager (Male) |
| 11:58 | Encolar | Villager (Male) |
| 12:04 | Construir | House |
| 12:38 | Encolar | Serjeant |
| 12:38 | Encolar | Serjeant |
| 12:49 | Encolar | Villager (Male) |
| 13:17 | Construir | House |
| 13:18 | Construir | Farm |
| 13:18 | Construir | Farm |
| 13:19 | Construir | Farm |
| 13:37 | Construir | Mill |
| 14:00 | Encolar | Villager (Male) |
| 14:02 | Encolar | Serjeant |
| 14:16 | Construir | Mill |
| 14:41 | Encolar | Serjeant |
| 15:19 | Encolar | Villager (Male) |
| 15:22 | Encolar | Villager (Male) |
| 15:35 | Encolar | Serjeant |
| 15:35 | Encolar | Serjeant |
| 15:49 | Encolar | Serjeant |
| 16:15 | Construir | Donjon |
| 16:44 | Construir | Donjon |
| 17:02 | Encolar | Villager (Male) |
| 17:49 | Encolar | Villager (Male) |
| 17:49 | Encolar | Villager (Male) |
| 18:17 | Construir | Farm |
| 18:30 | Construir | Farm |
| 18:33 | Encolar | Villager (Male) |
| 18:42 | Construir | Farm |
| 18:46 | Construir | Farm |
| 19:32 | Construir | Farm |
| 19:47 | Construir | Donjon |
| 20:14 | Construir | House |
| 20:36 | Encolar | Serjeant |
| 20:45 | Construir | Lumber Camp |
| 21:17 | Construir | Donjon |
| 21:29 | Encolar | Villager (Male) |
| 21:52 | Construir | Blacksmith |
| 21:55 | Encolar | Villager (Male) |
| 21:58 | Construir | Farm |
| 22:46 | Construir | Archery Range |
| 23:09 | Investigar | Castle Age |
| 23:16 | Investigar | Double-Bit Axe |
| 23:16 | Investigar | Double-Bit Axe |
| 23:20 | Encolar | Skirmisher |
| 23:20 | Encolar | Skirmisher |
| 23:31 | Construir | House |
| 23:38 | Investigar | Fletching |
| 23:54 | Encolar | Skirmisher |
| 24:20 | Encolar | Skirmisher |
| 24:22 | Construir | House |
| 24:28 | Construir | Farm |
| 24:28 | Construir | Farm |
| 24:29 | Construir | Farm |
| 24:29 | Construir | Farm |
| 24:29 | Construir | Farm |
| 24:29 | Construir | Farm |
| 24:30 | Construir | Farm |
| 24:59 | Construir | House |
| 25:02 | Investigar | Horse Collar |
| 25:05 | Construir | Farm |
| 25:05 | Construir | Farm |
| 25:05 | Construir | Farm |
| 25:37 | Construir | Donjon |
| 25:49 | Edad | Edad de los Castillos |
| 26:02 | Encolar | Villager (Male) |
| 26:33 | Encolar | Villager (Male) |
| 26:47 | Construir | Siege Workshop |
| 26:50 | Encolar | Skirmisher |
| 26:50 | Encolar | Skirmisher |
| 26:55 | Investigar | Padded Archer Armor |
| 26:56 | Investigar | Padded Archer Armor |
| 27:22 | Encolar | Villager (Male) |
| 27:24 | Encolar | Skirmisher |
| 27:24 | Encolar | Skirmisher |
| 27:33 | Encolar | Mangonel |
| 27:40 | Encolar | Battering Ram |
| 28:05 | Encolar | Battering Ram |
| 28:06 | Encolar | Mangonel |
| 28:23 | Encolar | Battering Ram |
| 28:32 | Encolar | Villager (Male) |
| 28:33 | Encolar | Skirmisher |
| 28:33 | Encolar | Skirmisher |
| 28:34 | Encolar | Skirmisher |
| 28:38 | Investigar | Elite Skirmisher (upgrade) |
| 29:01 | Encolar | Skirmisher |
| 29:01 | Encolar | Skirmisher |
| 29:42 | Encolar | Villager (Male) |
Build order — Skunk77
150 acciones detectadas en el replay
| 0:00 | Encolar | Villager (Male) |
| 0:00 | Encolar | Villager (Male) |
| 0:00 | Encolar | Villager (Male) |
| 0:02 | Construir | House |
| 0:03 | Construir | House |
| 0:50 | Encolar | Villager (Male) |
| 1:30 | Encolar | Villager (Male) |
| 1:53 | Encolar | Villager (Male) |
| 2:23 | Encolar | Villager (Male) |
| 2:27 | Construir | Settlement |
| 2:47 | Encolar | Villager (Male) |
| 2:47 | Encolar | Villager (Male) |
| 3:11 | Encolar | Villager (Male) |
| 3:40 | Encolar | Villager (Male) |
| 3:53 | Encolar | Villager (Male) |
| 4:21 | Encolar | Villager (Male) |
| 4:53 | Construir | Settlement |
| 4:55 | Encolar | Villager (Male) |
| 5:14 | Encolar | Villager (Male) |
| 5:14 | Encolar | Villager (Male) |
| 5:50 | Investigar | Loom |
| 6:43 | Investigar | Feudal Age |
| 7:42 | Encolar | Villager (Male) |
| 7:44 | Construir | Barracks |
| 8:53 | Edad | Edad Feudal |
| 8:54 | Construir | Archery Range |
| 8:58 | Encolar | Skirmisher |
| 9:04 | Investigar | Double-Bit Axe |
| 9:08 | Encolar | Villager (Male) |
| 9:30 | Encolar | Villager (Male) |
| 10:13 | Encolar | Villager (Male) |
| 10:14 | Encolar | Villager (Male) |
| 10:14 | Encolar | Villager (Male) |
| 10:19 | Encolar | Archer |
| 10:40 | Encolar | Villager (Male) |
| 10:52 | Construir | House |
| 11:42 | Encolar | Villager (Male) |
| 11:44 | Encolar | Skirmisher |
| 11:44 | Encolar | Skirmisher |
| 11:44 | Encolar | Skirmisher |
| 12:22 | Encolar | Villager (Male) |
| 12:22 | Encolar | Villager (Male) |
| 12:22 | Encolar | Villager (Male) |
| 12:36 | Encolar | Archer |
| 12:36 | Encolar | Archer |
| 12:42 | Encolar | Spearman |
| 12:42 | Encolar | Skirmisher |
| 12:43 | Encolar | Skirmisher |
| 13:13 | Construir | Farm |
| 13:18 | Construir | Farm |
| 13:30 | Construir | Farm |
| 13:40 | Construir | House |
| 13:49 | Encolar | Archer |
| 13:57 | Construir | Farm |
| 14:00 | Encolar | Villager (Male) |
| 14:07 | Construir | House |
| 14:16 | Construir | Farm |
| 14:21 | Encolar | Archer |
| 14:22 | Encolar | Archer |
| 14:44 | Encolar | Villager (Male) |
| 14:53 | Construir | Farm |
| 14:54 | Construir | Farm |
| 15:24 | Construir | Blacksmith |
| 15:27 | Encolar | Villager (Male) |
| 15:42 | Construir | Outpost |
| 15:50 | Encolar | Villager (Male) |
| 15:50 | Encolar | Villager (Male) |
| 15:54 | Construir | Farm |
| 16:09 | Construir | Watch Tower |
| 16:12 | Encolar | Archer |
| 16:18 | Encolar | Villager (Male) |
| 16:22 | Encolar | Archer |
| 16:34 | Construir | Farm |
| 16:38 | Construir | House |
| 16:50 | Encolar | Villager (Male) |
| 16:56 | Construir | Market |
| 17:14 | Encolar | Villager (Male) |
| 17:20 | Encolar | Archer |
| 17:29 | Encolar | Skirmisher |
| 17:30 | Encolar | Skirmisher |
| 17:42 | Encolar | Villager (Male) |
| 17:57 | Construir | House |
| 17:58 | Construir | House |
| 17:59 | Construir | Farm |
| 18:05 | Investigar | Fletching |
| 18:05 | Investigar | Fletching |
| 18:11 | Encolar | Archer |
| 18:14 | Construir | House |
| 18:30 | Construir | Farm |
| 18:31 | Encolar | Villager (Male) |
| 18:35 | Construir | Farm |
| 18:43 | Encolar | Villager (Male) |
| 18:45 | Construir | House |
| 18:46 | Construir | House |
| 18:57 | Encolar | Archer |
| 19:03 | Encolar | Unit 2550 |
| 19:05 | Construir | Farm |
| 19:13 | Construir | House |
| 19:13 | Construir | House |
| 19:18 | Encolar | Villager (Male) |
| 19:28 | Construir | Farm |
| 19:31 | Encolar | Archer |
| 19:41 | Encolar | Villager (Male) |
| 19:44 | Encolar | Villager (Male) |
| 19:54 | Construir | Settlement |
| 20:01 | Construir | Farm |
| 20:02 | Construir | Farm |
| 20:11 | Construir | House |
| 20:12 | Construir | House |
| 20:33 | Encolar | Villager (Male) |
| 20:41 | Construir | Farm |
| 20:46 | Construir | Farm |
| 20:57 | Encolar | Villager (Male) |
| 21:09 | Construir | House |
| 21:20 | Encolar | Villager (Male) |
| 21:45 | Encolar | Archer |
| 21:45 | Encolar | Archer |
| 21:46 | Encolar | Archer |
| 21:54 | Encolar | Villager (Male) |
| 21:54 | Encolar | Villager (Male) |
| 21:54 | Encolar | Villager (Male) |
| 22:10 | Construir | Watch Tower |
| 22:21 | Encolar | Archer |
| 22:36 | Construir | Farm |
| 22:53 | Construir | Watch Tower |
| 23:04 | Encolar | Villager (Male) |
| 23:45 | Investigar | Castle Age |
| 24:16 | Investigar | Tech 1402 |
| 24:59 | Encolar | Villager (Male) |
| 25:01 | Investigar | Horse Collar |
| 25:21 | Encolar | Villager (Male) |
| 26:25 | Edad | Edad de los Castillos |
| 26:27 | Investigar | Crossbowman (upgrade) |
| 26:29 | Investigar | Bodkin Arrow |
| 26:33 | Encolar | Petard |
| 26:33 | Encolar | Petard |
| 26:50 | Construir | Castle |
| 27:03 | Investigar | Padded Archer Armor |
| 27:10 | Encolar | Villager (Male) |
| 27:31 | Encolar | Villager (Male) |
| 27:57 | Encolar | Villager (Male) |
| 27:57 | Encolar | Villager (Male) |
| 28:15 | Encolar | Petard |
| 28:15 | Encolar | Petard |
| 28:19 | Encolar | Villager (Male) |
| 28:24 | Construir | Town Center |
| 28:31 | Encolar | Petard |
| 28:41 | Encolar | Petard |
| 28:49 | Encolar | Villager (Male) |
| 29:30 | Encolar | Villager (Male) |
Cronología de la partida
| 7:44 | Skunk77 · first_building Barracks |
| 8:53 | Skunk77 · age_up feudal |
| 8:54 | Skunk77 · first_building Archery Range |
| 8:58 | Subclavian · first_building Donjon |
| 9:35 | Subclavian · age_up feudal |
| 22:46 | Subclavian · first_building Archery Range |
| 22:59 | Skunk77 · first_market_sell 100 wood |
| 23:19 | Skunk77 · first_market_buy 100 food |
| 25:49 | Subclavian · age_up castle |
| 26:25 | Skunk77 · age_up castle |
| 26:47 | Subclavian · first_building Siege Workshop |
| 26:50 | Skunk77 · first_building Castle |
| 29:49 | Subclavian · resign |
[ ANÁLISIS IA · 1 CRÉDITO ]
¿Qué pasó realmente en esta partida?
Wolo.gg analiza cada decisión: build order, eco, micro, errores típicos por bracket. Análisis personalizado por WhatsApp o Discord en 30 segundos.
Guía civ
Sicilianos
Perfil
Jugador #1495334